 Dungeon Crawl Stone Soup version 0.19-a0-742-g4563caa (webtiles) character file.

3194 HAL9000 the Carver (level 9, 0/83 HPs)
             Began as a Minotaur Chaos Knight on June 23, 2016.
             Succumbed to a killer bee's poison
             ... on level 8 of the Dungeon.
             The game lasted 00:20:35 (7491 turns).

HAL9000 the Carver (Minotaur Chaos Knight)          Turns: 7491, Time: 00:20:35

Health: 0/83       AC: 15    Str: 23    XL:     9   Next: 64%
Magic:  8/8        EV:  8    Int:  9    God:    Xom [*.....]
Gold:   419        SH:  0    Dex:  9    Spells: 0 memorised, 8 levels left

rFire  . . .     SeeInvis .     S - +1 long sword
rCold  . . .     Gourm    .     W - +0 plate armour
rNeg   . . .     Faith    .     (no shield)
rPois  .         Spirit   .     (helmet restricted)
rElec  +         Dismiss  .     o - +1 cloak
rCorr  .         Reflect  .     (no gloves)
SustAt .         Harm     .     T - +0 pair of boots
MR     .....                    (no amulet)
Stlth  ..........               t - +2 ring of strength
                                u - ring of flight {god gift}

@: lethally poisoned (0 -> -23), not resistant to hostile enchantments,
extremely unstealthy
A: retaliatory headbutt, horns 2, deterioration 1, screaming 1, electricity
resistance, subdued magic 1
a: Renounce Religion, Evoke Flight


You were on level 8 of the Dungeon.
You worshipped Xom.
You were a special plaything of Xom.
You were not hungry.

You visited 1 branch of the dungeon, and saw 8 of its levels.

You collected 419 gold pieces.

Inventory:

Hand Weapons
 S - a +1 long sword (weapon)
Missiles
 U - 5 tomahawks (quivered)
Armour
 o - a +1 cloak (worn)
 T - a +0 pair of boots (worn)
 W - a +0 plate armour (worn)
Jewellery
 h - a +3 ring of intelligence
 t - a +2 ring of strength (right hand)
 u - a ring of flight (left hand) {god gift}
 w - an uncursed ring of magical power
 Z - an uncursed ring of protection from fire {unknown}
Wands
 p - a wand of flame (31/48)
 y - a wand of flame (29/48)
 X - a wand of iceblast (5/15)
Scrolls
 i - 2 scrolls of magic mapping
 v - a scroll of enchant weapon
 A - a scroll of enchant armour
 E - a scroll of amnesia
 I - 4 scrolls of remove curse
 V - 2 scrolls of identify
 Y - a scroll of summoning {unknown}
Potions
 l - 3 potions of flight
 q - 2 potions of brilliance
 r - a potion of ambrosia
 F - a potion of cancellation
Books
 O - a book of Envenomations

   Spells                             Type                      Level
   a - Spider Form                    Transmutation/Poison         3
   b - Olgreb's Toxic Radiance        Poison                       4
   c - Alistair's Intoxication        Transmutation/Poison         5
   d - Poisonous Cloud                Conjuration/Poison/Air       6
Comestibles
 c - 5 bread rations
 s - 4 meat rations
 H - a royal jelly
 J - a fruit
 K - 3 beef jerkies
 R - a chunk of flesh


   Skills:
 - Level 9.0 Fighting
 + Level 12.6 Long Blades
 - Level 5.0 Armour
 + Level 4.4 Dodging


You had 8 spell levels left.
You didn't know any spells.

Dungeon Overview and Level Annotations

Branches:
Dungeon (8/15)             Temple (0/1) D:4
   Lair: D:8-11

Altars:
Dithmenos
Elyvilon
Nemelex Xobeh
Uskayaw
Vehumet
The Shining One


Innate Abilities, Weirdness & Mutations

You reflexively headbutt those who attack you in melee.
You have a pair of horns on your head.
Your body sometimes deteriorates upon taking damage.
You occasionally shout uncontrollably at your foes.
You are resistant to electric shocks. (rElec)
Your spells are a little easier to cast, but a little less powerful.


Message History

The killer bee stings you but does no damage.
You miss the killer bee.
The killer bee is severely wounded.
You feel sick. The killer bee closely misses you. You furiously retaliate!
You headbutt the killer bee. The killer bee stings you.
* * * LOW HITPOINT WARNING * * *
You are more poisoned.
The killer bee poisons you! The killer bee barely misses you.
The killer bee stings you but does no damage.
You closely miss the killer bee.
The killer bee is severely wounded.
* * * LOW HITPOINT WARNING * * *
You feel sick. The killer bee stings you.
* * * LOW HITPOINT WARNING * * *
You are more poisoned.
The killer bee poisons you! The killer bee barely misses you.
You slash the killer bee!
You kill the killer bee!
You die...
Xom roars with laughter!

.......##<.....# ...
.................####...
..................[.....
......>#..#.#...........
.......##............g..
....... #...#...........
.......##..........#....
.......y†y...####......$
.##...@#....# ##.....##
#...###....# #..#.....
#.... ###..###........
#..# #####..#....#.#...
.. .##...........#.#...
. .............#..#.[.
#..............#.
#........†######.
#.........).####.


You could see 2 killer bees.

Vanquished Creatures
  Joseph (D:7)
  Prince Ribbit (D:6)
  A wyvern (D:6)
  Menkaure (D:7)
  A black bear (D:7)
  An ice beast (D:7)
  A wasp (D:7)
  An ogre (D:7)
  A gnoll sergeant (D:8)
  2 giant frogs (D:6)
  5 scorpions
  8 killer bees
  2 jellies
  A crimson imp (D:5)
  A centaur zombie (D:6)
  A hound (D:5)
  9 orc wizards
  2 giant frog skeletons (D:6)
  4 orc priests
  Jessica (D:2)
  2 iguanas
  7 worker ants
  A hound zombie (D:8)
  3 gnolls (D:8)
  A howler monkey skeleton (D:7)
  10 adders
  2 river rats (D:3)
  4 shadow imps
  5 oozes
  A worm (D:3)
  A dart slug (D:1)
  4 giant geckos
  46 orcs
  10 giant cockroaches
  12 goblins
  15 hobgoblins
  4 quokkas
  5 ball pythons
  7 bats
  8 giant newts
  A jackal zombie (D:7)
  9 kobolds
  11 rats
214 creatures vanquished.

Vanquished Creatures (collateral kills)
  An ogre (D:6)
  A howler monkey (D:4)
  An orc (D:4)
3 creatures vanquished.

Grand Total: 217 creatures vanquished

Notes
Turn   | Place    | Note
--------------------------------------------------------------
     0 | D:1      | HAL9000 the Minotaur Chaos Knight began the quest for the Orb.
     0 | D:1      | Reached XP level 1. HP: 19/19 MP: 0/0
    68 | D:1      | Reached skill level 4 in Long Blades
    82 | D:1      | Reached XP level 2. HP: 27/27 MP: 1/1
   105 | D:1      | XOM: harmless Tmut miscast
   287 | D:1      | XOM: polymorph hobgoblin -> orc
   360 | D:1      | Reached XP level 3. HP: 33/33 MP: 2/2
   498 | D:1      | Reached skill level 5 in Long Blades
   848 | D:2      | Noticed Jessica
   865 | D:2      | Killed Jessica
   865 | D:2      | Reached XP level 4. HP: 16/41 MP: 3/3
  1111 | D:2      | XOM: god gift: knobbly pearl ring {god gift}
  1281 | D:2      | XOM: harmless Pois miscast
  1423 | D:3      | XOM: confusion
  1437 | D:3      | Reached skill level 6 in Long Blades
  1442 | D:3      | XOM: confuse monster(s)
  1443 | D:3      | Reached XP level 5. HP: 35/47 MP: 4/4
  1549 | D:3      | XOM is BORED!
  1549 | D:3      | XOM: medium Divn miscast
  1708 | D:3      | Reached skill level 5 in Fighting
  1759 | D:3      | Found a hide-covered altar of Uskayaw.
  1780 | D:3      | XOM: enchant monster (bad)
  1819 | D:3      | XOM: cast spell 'Confusing Touch'
  1888 | D:3      | XOM: divination: detect creatures
  2086 | D:3      | Reached skill level 7 in Long Blades
  2090 | D:3      | Reached XP level 6. HP: 56/56 MP: 5/5
  2112 | D:3      | XOM: summons 4 hostile shadow creatures
  2361 | D:4      | XOM: 6-stop teleportation journey
  2486 | D:4      | XOM: swap monsters
  2561 | D:4      | XOM: 5-stop teleportation journey
  2581 | D:4      | Reached skill level 8 in Long Blades
  2828 | D:4      | Found a radiant altar of Vehumet.
  2842 | D:4      | Found a staircase to the Ecumenical Temple.
  2848 | D:4      | XOM: harmless Fire miscast
  3103 | D:5      | Entered Level 5 of the Dungeon
  3108 | D:5      | Reached XP level 7. HP: 59/63 MP: 6/6
  3120 | D:5      | XOM: confuse monster(s)
  3377 | D:5      | XOM: noise
  3384 | D:5      | You fall through a shaft for 3 floors!
  3398 | D:8      | XOM: medium Pois miscast
  3409 | D:8      | XOM: noise
  3416 | D:8      | XOM: polymorph orc warrior -> wasp
  3430 | D:8      | XOM: chaos upgrade
  3809 | D:6      | Noticed Prince Ribbit
  3821 | D:6      | Killed Prince Ribbit
  3821 | D:6      | Reached skill level 9 in Long Blades
  4081 | D:5      | Reached XP level 8. HP: 69/73 MP: 7/7
  4121 | D:5      | XOM: medium Tmut miscast
  4193 | D:5      | Reached skill level 10 in Long Blades
  4377 | D:5      | XOM: enchant monster (good)
  4385 | D:5      | XOM: harmless Divn miscast
  4558 | D:5      | XOM: harmless Ice miscast
  5088 | D:6      | Reached skill level 11 in Long Blades
  5095 | D:6      | XOM: noise
  5310 | D:6      | Found a sparkling altar of Nemelex Xobeh.
  5423 | D:6      | Found a glowing golden altar of the Shining One.
  5471 | D:6      | XOM: divination: detect items
  5498 | D:6      | XOM: smoke on damage
  5669 | D:6      | XOM: cloud trail
  5824 | D:6      | XOM: cast spell 'Leda's Liquefaction'
  5826 | D:6      | XOM: harmless Air miscast
  5968 | D:6      | Found a sparkling altar of Nemelex Xobeh.
  6180 | D:7      | Reached XP level 9. HP: 82/82 MP: 8/8
  6208 | D:7      | Noticed a five-headed hydra
  6223 | D:7      | XOM: destruction
  6349 | D:7      | Noticed Joseph
  6410 | D:7      | Found a shadowy altar of Dithmenos.
  6428 | D:7      | Reached skill level 12 in Long Blades
  6440 | D:7      | XOM: summons friendly quasit
  6465 | D:7      | XOM: noise
  6467 | D:7      | XOM: enchant monster (bad)
  6664 | D:7      | Found a white marble altar of Elyvilon.
  6748 | D:7      | XOM: harmless Fire miscast
  6778 | D:7      | Noticed Menkaure
  6786 | D:7      | Killed Menkaure
  6875 | D:7      | XOM: noise
  6955 | D:7      | XOM: medium Chrm miscast
  7002 | D:7      | XOM: mild Ice miscast
  7036 | D:7      | XOM: enchant monster (bad)
  7056 | D:7      | Killed Joseph
  7141 | D:7      | XOM: silly message
  7252 | D:7      | XOM: divination: detect creatures
  7345 | D:8      | XOM: give mutation
  7345 | D:8      | Gained mutation: Your body sometimes deteriorates upon taking damage. [Xom's mischief]
  7455 | D:8      | Reached skill level 5 in Armour
  7466 | D:8      | XOM: swap monsters
  7474 | D:8      | XOM: 1-stop teleportation journey
  7476 | D:8      | XOM: swap monsters
  7482 | D:8      | Gained mutation: You are resistant to electric shocks. (rElec) [potion of mutation]
  7482 | D:8      | Gained mutation: Your spells are a little easier to cast, but a little less powerful. [potion of mutation]
  7482 | D:8      | Gained mutation: You occasionally shout uncontrollably at your foes. [potion of mutation]
  7490 | D:8      | HP: 4/83 [poisoned by a killer bee]
  7491 | D:8      | Succumbed to a killer bee's poison

Vault maps used:
D:1:      dpeg_arrival_subterranean_lakeside_camping, st_stairs_10,
          serial_park_tiny_1, minmay_pentomino_p4
D:2:      uniq_jessica
D:3:      old_standard_altar, portal_sewer_entry_e, first_bread
D:4:      kennysheep_mini_moat
D:6:      corexii_shack_village, tso_oasis_becter, kennysheep_little_box,
          basic_altar, uniq_prince_ribbit1
D:7:      nicolae_dithmenos_shadow_blocks, basic_altar, uniq_menkaure,
          uniq_joseph
D:8:      overflow_temple_1_default

Skill      XL: |  1  2  3  4  5  6  7  8  9 |
---------------+----------------------------+-----
Long Blades    | 4 5 6 7 8 9 11 12 | 12.6
Fighting       | 4 5 6 7 8 9 |  9.0
Armour         | 5 |  5.0
Dodging        | 4 |  4.4

Action                   |  1- 3 |  4- 6 |  7- 9 || total
-------------------------+-------+-------+-------++-------
Melee: Falchion          |    87 |   221 |   182 ||   490
       Headbutt          |     7 |    29 |    61 ||    97
       Long sword        |       |       |   155 ||   155
Evoke: Wand              |       |       |     1 ||     1
  Use: Potion            |       |     2 |     9 ||    11
       Scroll            |       |     1 |    16 ||    17
 Stab: Paralysed         |     1 |     3 |       ||     4
       Confused          |     1 |       |     1 ||     2
       Invisible         |       |     6 |       ||     6
  Eat: Chunk             |       |     7 |    12 ||    19
       Fruit             |       |       |     3 ||     3
Armor: Leather armour    |    39 |    51 |       ||    90
       Chain mail        |       |    27 |   144 ||   171
       Plate armour      |       |       |    53 ||    53
Dodge: Dodged            |    52 |    83 |   155 ||   290
